 Dungeon Crawl Stone Soup version 0.31.0-1-g2c135a0 (webtiles) character file.

Game seed: 13798029855336646675

29 dobyrch the Gusty (level 3, 26/26 HPs)
             Began as a Draconian Air Elementalist on Jan 27, 2024.
             Was an Initiate of Ashenzari.
             Quit the game on level 1 of the Dungeon.
             The game lasted 00:03:01 (1215 turns).

dobyrch the Gusty (Draconian Air Elementalist)      Turns: 1215, Time: 00:03:02

Health: 26/26      AC:  5    Str: 16    XL:     3   Next: 1%
Magic:  6/6        EV: 12    Int: 17    God:    Ashenzari [......]
Gold:   54         SH:  0    Dex: 11    Spells: 5/6 levels left

rFire   . . .        (no weapon)
rCold   . . .        (no shield)
rNeg    . . .        (body armour unavailable)
rPois   .            (helmet restricted)
rElec   .            (no cloak)
rCorr   .            (no gloves)
SInv    .            (no boots)
Will    .....        (no amulet)
Stlth   ++           f - +6 ring of strength
HPRegen 0.24/turn    (no ring)
MPRegen 0.10/turn

%: no passive effects
@: no status effects
A: AC +5, unfitting armour, cold-blooded
a: Renounce Religion, Curse Item


You were on level 1 of the Dungeon.
You worshipped Ashenzari.
Ashenzari was noncommittal.
You visited 1 branch of the dungeon, and saw 1 of its levels.

You collected 54 gold pieces.

Inventory:

Jewellery
 f - a +6 ring of strength (left hand)
Scrolls
 c - a scroll of identify {unknown}
 e - a scroll of revelation {unknown}
 g - a scroll of immolation {unknown}
Potions
 a - a potion of magic
 b - 3 potions of lignification {unknown}
 d - 2 potions of attraction {unknown}


   Skills:
 + Level 2.1 Dodging
 + Level 2.1 Stealth
 + Level 0.2 Unarmed Combat
 + Level 2.4 Spellcasting
 + Level 1.1 Conjurations
 + Level 3.3 Air Magic


You had 5 spell levels left.
You knew the following spells:

 Your Spells              Type           Power      Damage    Failure   Level
a - Shock                 Conj/Air       36%        1d5       8%          1

Your spell library contained the following spells:

 Spells                   Type           Power      Damage    Failure   Level
 Static Discharge         Conj/Air       18%        3-4/arc   11%         2
 Swiftness                Air            13%        N/A       14%         3
 Airstrike                Air            6%         2d(1-17)  43%         4
 Leda's Liquefaction      Alch/Erth      1%         N/A       88%         4
 Summon Forest            Summ/Tloc      1%         N/A       99%         5
 Shatter                  Erth           1%         3d5*      100%        9


Dungeon Overview and Level Annotations

Branches:
Dungeon (1/15)

Altars:
Ashenzari


Innate Abilities, Weirdness & Mutations

Your plain brown scales are hard. (AC +5)
You cannot fit into any form of body armour.
You are cold-blooded and may be slowed by cold attacks.


Message History

You open the door.
A rat comes into view.
The zap hits the rat.
You kill the rat!
You open the door.
A rat comes into view.
The zap hits the rat.
You kill the rat!
b - 3 fuming dark potions (gained 1)
You now have 54 gold pieces (gained 7).
An endoplasm comes into view.
An endoplasm is nearby!
The zap hits the endoplasm.
The endoplasm is lightly wounded.
The endoplasm quivers.
The zap hits the endoplasm.
The endoplasm is moderately wounded.
An endoplasm is nearby!
The zap hits the endoplasm.
You kill the endoplasm!
f - a +6 ring of strength You feel stronger.
f - a +6 ring of strength (left hand)
Found 3 poisoned darts.
g - a scroll labelled CIREUM VICIO A ball python comes into view.
The zap hits the ball python.
The ball python is severely wounded.
The ball python hisses angrily.
The zap hits the ball python.
You kill the ball python!
You have reached level 3!
Your experience leads to an increase in your attributes!
Your base attributes are Str 10, Int 15, Dex 11.
Increase (S)trength, (I)ntelligence, or (D)exterity?
You feel clever. x2; Your scales feel tougher.
Ashenzari invites you to partake of a vision and a curse of ranged combat and elements.
Partly explored, can't reach some places.
Okay, then.
Are you sure you want to abandon this character and quit the game? (Confirm with "yes".)

######.............
#....#.############
#.##.#.# #.........
#.##.#.###.########
#.##.#...#.# ####
#..#.###.#.# #...
##.#.# #.#.# #.##
#.#.# #.#.#####.##
#@#.###.#.#.....##
#.#.##....##.#####
#.#.##....##......
#.#.##....##..####
#.........##..# #
#####.#.....##..# #
#.....#.....##.#####
#.#.#.#.....##.#....
#.#.#.#.....##.#.###


There were no monsters in sight!

Vanquished Creatures
  A dart slug (D:1)
  3 ball pythons (D:1)
  3 endoplasms (D:1)
  A giant cockroach (D:1)
  2 goblins (D:1)
  3 hobgoblins (D:1)
  A frilled lizard (D:1)
  3 kobolds (D:1)
  9 rats (D:1)
26 creatures vanquished.

Notes
Turn   | Place    | Note
-------+----------+-------------------------------------------
     0 | D:1      | dobyrch the Draconian Air Elementalist began the quest for
                  | the Orb.
     0 | D:1      | Reached XP level 1. HP: 14/14 MP: 3/3
    24 | D:1      | Found a faded altar of an unknown god.
    42 | D:1      | Prayed at the altar of an unknown god.
    42 | D:1      | Became a worshipper of Ashenzari the Shackled
   112 | D:1      | Reached XP level 2. HP: 15/20 MP: 1/5
   112 | D:1      | Got the Catalogue of the Vanishing Tales
  1075 | D:1      | Reached XP level 3. HP: 26/26 MP: 3/6
  1215 | D:1      | Quit the game

Illustrated notes

Levels and vault maps discovered:
D:1:      dpeg_arrival_lava_altar, layout_basic, ebering_ecumenical_altar_box,
          minmay_rat_gold_closets

Skill      XL: |  1  2 |
---------------+-------+-----
Stealth        | 2 |  2.1
Dodging        | 2 |  2.1
Unarmed Combat | |  0.2
Spellcasting   | |  2.4
Conjurations   | |  1.1
Air Magic      | |  3.3

Action                     || total
---------------------------++-------
  Melee: Unarmed           ||    31
         Tailslap          ||     4
   Cast: Shock             ||    39
 Armour: Skin              ||    25
  Dodge: Dodged            ||    23
